 Dungeon Crawl Stone Soup version 0.19-a0-1825-gf3d8994 (webtiles) character file.

588 tasonir the Ruffian (level 7, -2/64 HPs)
             Began as a Basajaun Warper on Oct 15, 2016.
             Slain by a white imp (3 damage)
             ... summoned by Eustachio
             ... on level 4 of the Dungeon.
             The game lasted 00:19:22 (5652 turns).

tasonir the Ruffian (Basajaun Warper)               Turns: 5652, Time: 00:19:22

Health: -2/64      AC:  5    Str: 14      XL:     7   Next: 15%
Magic:  11/11      EV: 10    Int: 17      God:
Gold:   249        SH:  0    Dex:  8 (9)  Spells: 3 memorised, 2 levels left

rFire  . . .     SeeInvis .       - Unarmed
rCold  . . .     Gourm    +     q - +0 robe (curse)
rNeg   . . .     Faith    .     (no shield)
rPois  .         Spirit   .     n - +2 hat
rElec  .         Dismiss  .     x - +0 cloak
rCorr  .         Reflect  .     (gloves unavailable)
MR     .....     Harm     .     (boots unavailable)
Stlth  +.........               A - amulet of the gourmand
                                (no ring)
                                (no ring)

@: no status effects
A: unfitting armour
a: no special abilities


You were on level 4 of the Dungeon.
You were not hungry.

You visited 1 branch of the dungeon, and saw 4 of its levels.
You also visited: Sewer.

You collected 249 gold pieces.

Inventory:

Missiles
 d - 5 tomahawks of dispersal (quivered)
Armour
 a - a +0 robe
 n - a +2 hat (worn)
   (You found it on level 1 of the Dungeon)
 q - a cursed +0 robe (worn)
   (You found it on level 2 of the Dungeon)
 x - a +0 cloak (worn)
   (You took it off Crazy Yiuf on level 2 of the Dungeon)
Jewellery
 A - an amulet of the gourmand (around neck)
   (You found it on level 3 of the Dungeon)
Scrolls
 c - a scroll of blinking
 e - 2 scrolls of fear {unknown}
 g - a scroll of noise {unknown}
 k - 2 scrolls of remove curse {unknown}
 m - a scroll of enchant armour {unknown}
 o - 3 scrolls of teleportation
 u - a scroll of magic mapping {unknown}
 w - a scroll of enchant weapon {unknown}
 y - a scroll of amnesia {unknown}
Potions
 h - 2 potions of lignification
 j - a potion of ambrosia {unknown}
 r - a potion of cancellation
 s - 5 potions of flight
 t - a potion of curing
 z - a potion of agility {unknown}
Books
 b - a book of Spatial Translocations
Comestibles
 f - a bread ration {@e1}
 p - 3 meat rations {@e2}
 v - a royal jelly


   Skills:
 - Level 4.1 Fighting
 - Level 0.7 Throwing
 - Level 1.9 Dodging
 + Level 6.6 Unarmed Combat
 - Level 2.4 Spellcasting
 - Level 3.0 Translocations


You had 2 spell levels left.
You knew the following spells:

 Your Spells              Type           Power        Failure   Level  Hunger
a - Shroud of Golubria    Chrm/Tloc      #.........   17%         2    ##.....
b - Teleport Other        Tloc           ##......     17%         3    ###....
c - Lesser Beckoning      Tloc           ##....       17%         3    ###....


Dungeon Overview and Level Annotations

Branches:
Dungeon (4/15)
 Temple: D:4-7

Altars:

Annotations:
D:4 Eustachio; Menkaure; Sigmund; agentgt's ghost, amateur BaCK


Message History

You take 7 damage, and have 55/64 hp.
You punch Eustachio! The crimson imp closely misses you.
Eustachio barely misses you.
You barely miss Eustachio. The crimson imp hits you.
Eustachio casts a spell.
You take 1 damage, and have 54/64 hp.
You hit Eustachio.
The crimson imp hits you but does no damage.
Eustachio casts a spell.
Eustachio blinks!
Out of range.
Okay, then.
Unknown command.
Unknown command.
The white imp gestures at you. The puff of frost hits you!
The crimson imp puffs mist at you.
The crimson imp blinks!
You take 5 damage, and have 50/64 hp.
The crimson imp grinds its teeth.
The white imp gestures at you. The puff of frost hits you!
The crimson imp closely misses you.
You see here a large rock.
You take 9 damage, and have 41/64 hp.
You closely miss Eustachio. The white imp closely misses you.
The crimson imp hits you but does no damage.
Eustachio closely misses you.
You barely miss Eustachio. The white imp misses you. The crimson imp hits you.
You closely miss Eustachio. Your punch misses Eustachio.
Eustachio hits you but does no damage. The white imp gestures at you.
The puff of frost hits you!
The crimson imp blinks!
You take 6 damage, and have 35/64 hp.
You closely miss Eustachio.
Eustachio mumbles some strange words.
The white imp hits you but does no damage.
You barely miss Eustachio. Eustachio misses you.
The white imp shouts, "Flee, thou paunchy fool-born bandersnitch!"
The white imp gestures at you. The puff of frost hits you!
The quokka barely misses you.
You take 6 damage, and have 29/64 hp.
You hit Eustachio but do no damage. Eustachio hits you but does no damage.
The quokka bites you. The white imp barely misses you.
You take 2 damage, and have 27/64 hp.
You hit Eustachio.
The quokka bites you but does no damage.
The white imp hits you but does no damage.
You hit Eustachio but do no damage.
Eustachio gestures wildly while chanting.
The crimson imp blinks!
The quokka closely misses you.
You barely miss Eustachio.
The white imp hits you but does no damage.
Eustachio hits you with a rapier.
The crimson imp blinks!
The quokka bites you but does no damage.
You take 1 damage, and have 27/64 hp.
You miss Eustachio. The white imp misses you. The ufetubus barely misses you.
The ufetubus hits you but does no damage.
Eustachio screams, "Hey, you killed my favourite bat!"
Eustachio hits you with a rapier. The quokka bites you.
You take 3 damage, and have 24/64 hp.
You barely miss Eustachio. The ufetubus closely misses you.
The ufetubus hits you but does no damage.
The white imp hits you but does no damage.
The quokka twitches its whiskers.
The quokka closely misses you. Eustachio hits you with a rapier.
You take 4 damage, and have 20/64 hp.
You hit Eustachio. The ufetubus hits you.
* * * LOW HITPOINT WARNING * * *
The ufetubus hits you but does no damage.
The white imp barely misses you. The quokka closely misses you.
The ufetubus hits you.
* * * LOW HITPOINT WARNING * * *
The ufetubus misses you. Eustachio hits you with a rapier.
* * * LOW HITPOINT WARNING * * *
You take 7 damage, and have 13/64 hp.
You miss Eustachio. Your punch misses Eustachio.
The ufetubus barely misses you. The ufetubus closely misses you.
The quokka bites you but does no damage.
The white imp hits you but does no damage.
You miss Eustachio. The ufetubus hits you.
* * * LOW HITPOINT WARNING * * *
The ufetubus hits you.
* * * LOW HITPOINT WARNING * * *
Eustachio hits you with a rapier.
* * * LOW HITPOINT WARNING * * *
The quokka completely misses you. The white imp hits you.
* * * LOW HITPOINT WARNING * * *
The white imp freezes you.
* * * LOW HITPOINT WARNING * * *
You take 12 damage, and have 2/64 hp.
You feel better. The ufetubus hits you.
* * * LOW HITPOINT WARNING * * *
The ufetubus barely misses you. Eustachio hits you with a rapier.
* * * LOW HITPOINT WARNING * * *
The quokka bites you.
* * * LOW HITPOINT WARNING * * *
The ufetubus barely misses you. The ufetubus hits you.
* * * LOW HITPOINT WARNING * * *
The white imp hits you.
You die...

####....#...............##.#.#
#.........#.......#....##.#
#....%............#..#.# #..
.........#.............####...
...............................
...... #.#............!...... ##
#....(##...#.........##.###..
#.###..........@....#.......##...
#.#.....#..###5@r...............
##......#......5..#.............
.<......##..#.#..#..#.##........
#.........##....###..#........
#..........#.##.####....######
##.....##.....##....#..... #
##.#.#..##.....#†<..##...###
##.###..###....##....###..# #.##
##...##...#.##.#..##.#


You could see Eustachio, a white imp, an ufetubus and a quokka.

Vanquished Creatures
  A phantom (D:3)
  A scorpion (D:3)
  A hound (D:3)
  Crazy Yiuf (D:2)
  An orc priest (D:4)
  A siren (Sewer)
  2 worker ants (D:3)
  A merfolk avatar (Sewer)
  A hound zombie (D:3)
  13 adders
  A river rat (Sewer)
  6 worms
  A dart slug (D:1)
  6 leopard geckos
  7 orcs
  9 ball pythons
  2 giant cockroaches
  5 hobgoblins
  2 quokkas (D:3)
  9 bats
  10 frilled lizards
  7 goblins
  6 kobolds
  33 rats
127 creatures vanquished.

Notes
Turn   | Place    | Note
-------+----------+-------------------------------------------
     0 | D:1      | tasonir the Basajaun Warper began the quest for the Orb.
     0 | D:1      | Reached XP level 1. HP: 19/19 MP: 4/4
    20 | D:1      | Reached skill level 2 in Unarmed Combat
   284 | D:1      | Reached XP level 2. HP: 17/26 MP: 6/6
   765 | D:2      | Reached skill level 3 in Unarmed Combat
   785 | D:2      | Reached XP level 3. HP: 12/32 MP: 7/7
   986 | D:2      | HP: 7/32 [worm (10)]
  1233 | D:1      | Learned a level 2 spell: Shroud of Golubria
  1237 | D:1      | Learned a level 3 spell: Teleport Other
  1648 | D:2      | Reached XP level 4. HP: 21/39 MP: 8/8
  1701 | D:2      | Reached skill level 4 in Unarmed Combat
  1986 | D:2      | Found a runed door.
  2062 | D:2      | Noticed Crazy Yiuf
  2063 | D:2      | Killed Crazy Yiuf
  2201 | D:3      | Reached XP level 5. HP: 37/45 MP: 9/9
  2251 | D:3      | Found a glowing drain.
  2260 | Sewer    | Entered a sewer
  2305 | Sewer    | Learned a level 3 spell: Lesser Beckoning
  2327 | Sewer    | Reached skill level 5 in Unarmed Combat
  2972 | D:3      | Reached skill level 3 in Fighting
  2982 | D:3      | Reached XP level 6. HP: 25/56 MP: 10/10
  3451 | D:4      | Noticed Sigmund
  3579 | D:4      | Noticed agentgt's ghost (amateur BaCK)
  3674 | D:4      | Noticed Menkaure
  3687 | D:4      | HP: 13/56 [quokka (2)]
  4078 | D:3      | Reached skill level 4 in Fighting
  4751 | D:4      | Noticed Eustachio
  4753 | D:4      | HP: 14/57 [??? (11)]
  4974 | D:4      | Reached skill level 6 in Unarmed Combat
  5342 | D:3      | Reached XP level 7. HP: 25/64 MP: 5/11
  5649 | D:4      | HP: 15/64 [ufetubus[Eustachio] (4)]
  5651 | D:4      | HP: 7/64 [Eustachio/rapier (3)]
  5651 | D:4      | HP: 2/64 [white imp[Eustachio] (4)]
  5652 | D:4      | Slain by a white imp

Vault maps used:
D:1:      dpeg_arrival_simpleton_b
D:2:      minmay_tetromino_l4, uniq_crazy_yiuf_cottage
D:3:      portal_sewer_entry_d
D:4:      minmay_statues_item, uniq_eustachio, uniq_menkaure, uniq_sigmund,
          uniq_robin
Sewer:    sewer_sea

Skill      XL: |  1  2  3  4  5  6 |
---------------+-------------------+-----
Unarmed Combat | 2 3 4 5 6 |  6.6
Fighting       | 3 4 |  4.1
Throwing       | |  0.7
Dodging        | |  1.9
Spellcasting   | |  2.4
Translocations | |  3.0

Action                   |  1- 3 |  4- 6 |  7- 9 || total
-------------------------+-------+-------+-------++-------
Melee: Unarmed           |   146 |   424 |    34 ||   604
       Punch             |     1 |     8 |       ||     9
Throw: Large rock        |     5 |    10 |     1 ||    16
 Cast: Shroud of Golubri |     1 |     8 |       ||     9
  Use: Scroll            |       |     4 |       ||     4
       Potion            |       |     1 |     1 ||     2
 Stab: Sleeping          |       |     1 |       ||     1
  Eat: Chunk             |     2 |    11 |       ||    13
       Bread ration      |       |     1 |       ||     1
Armor: Robe              |    40 |   125 |    41 ||   206
Dodge: Dodged            |    97 |   198 |    42 ||   337

Vault maps used:
D:1:      dpeg_arrival_simpleton_b
D:2:      minmay_tetromino_l4, uniq_crazy_yiuf_cottage
D:3:      portal_sewer_entry_d
D:4:      minmay_statues_item, uniq_eustachio, uniq_menkaure, uniq_sigmund,
          uniq_robin
Sewer:    sewer_sea

Table legend:
 A = Turns spent in this place as a percentage of turns spent in the entire game.
 B = Non-inter-level travel turns spent in this place as a percentage of non-inter-level travel turns spent in the entire game.
 C = Inter-level travel turns spent in this place as a percentage of turns spent in this place.
 D = Turns resting spent in this place as a percentage of non-inter-level travel turns spent in this place.
 E = Turns spent auto-exploring this place as a percentage of non-inter-level travel turns spent in this place.
 F = Non-inter-level travel turns spent in this place divided by the number of levels of this place that you've seen.
                   A       B       C       D       E      F
               +-------+-------+-------+-------+-------+----------------------
         Total | 100.0 | 100.0 |   0.7 |   4.1 |   6.1 | 332.8
       Dungeon |  83.9 |  83.8 |   0.8 |   4.5 |   5.7 | 348.8
         Sewer |  16.1 |  16.2 |   0.0 |   1.9 |   7.8 | 269.0
               +-------+-------+-------+-------+-------+----------------------

Table legend:
 A = Kills in this place as a percentage of kills in entire the game.
 B = Kills by you in this place as a percentage of kills by you in the entire game.
 C = Kills by friends in this place as a percentage of kills by friends in the entire game.
 D = Other kills in this place as a percentage of other kills in the entire game.
 E = Experience gained in this place as a percentage of experience gained in the entire game.
 F = Experience gained in this place divided by the number of levels of this place that you have seen.
                   A       B       C       D       E      F
               +-------+-------+-------+-------+-------+----------------------
         Total | 100.0 | 100.0 |  -nan |  -nan | 100.0 | 168.0
       Dungeon |  66.9 |  66.9 |  -nan |  -nan |  82.4 | 173.0
         Sewer |  33.1 |  33.1 |  -nan |  -nan |  17.6 | 148.0
               +-------+-------+-------+-------+-------+----------------------
